 Dungeon Crawl Stone Soup version 0.24-a0-760-g74cc3ae (webtiles) character file.

Game seed: 7904146438953215380, levelgen mode: deterministic

396 pichaelthompson the Charmwright (level 6, -1/76 HPs)
             Began as a Gnoll Skald on Oct 2, 2019.
             Slain by a vampire mosquito (7 damage)
             ... on level 3 of the Dungeon.
             The game lasted 00:09:47 (4253 turns).

pichaelthompson the Charmwright (Gnoll Skald)       Turns: 4253, Time: 00:09:50

Health: -1/76      AC:  8    Str: 18    XL:     6   Next: 82%
Magic:  14/14      EV:  9    Int: 16    God:
Gold:   182        SH: 14    Dex: 16    Spells: 8/15 levels left

rFire    . . .     SeeInvis .   a - +1 spear
rCold    . . .     Gourm    .   m - +1 large shield
rNeg     . . .     Faith    .   i - +0 ring mail
rPois    .         Spirit   .   (no helmet)
rElec    .         Reflect  .   l - +2 cloak
rCorr    .         Harm     .   (no gloves)
MR       .....                  (no boots)
Stlth    ..........             (no amulet)
HPRegen  0.22/turn              (no ring)
MPRegen  0.14/turn              (no ring)

@: berserking, very quick
A: distributed training, fangs 1, strong nose
a: no special abilities


You were on level 3 of the Dungeon.
You were not hungry.

You visited 1 branch of the dungeon, and saw 4 of its levels.

You collected 182 gold pieces.

Inventory:

Hand Weapons
 a - a +1 spear (weapon)
Armour
 i - a +0 ring mail (worn)
 l - a +2 cloak (worn)
 m - a +1 large shield (worn)
Scrolls
 b - a scroll of enchant weapon
 f - a scroll of enchant armour
 h - 2 scrolls of teleportation
 k - a scroll of fear {unknown}
 n - a scroll of immolation
 p - a scroll of blinking {unknown}
Potions
 e - a potion of resistance {unknown}
 g - a potion of curing
 j - a potion of berserk rage
 o - a potion of agility {unknown}
 q - a potion of lignification {unknown}
Comestibles
 d - 5 rations


   Skills:
 + Level 5.0 Fighting
 + Level 2.1 Short Blades
 + Level 2.1 Long Blades
 + Level 2.1 Axes
 + Level 2.1 Maces & Flails
 + Level 5.0 Polearms
 + Level 2.1 Staves
 + Level 2.1 Slings
 + Level 2.1 Bows
 + Level 2.1 Crossbows
 + Level 2.1 Throwing
 + Level 3.3 Armour
 + Level 5.0 Dodging
 + Level 2.1 Stealth
 + Level 2.1 Shields
 + Level 2.1 Unarmed Combat
 + Level 5.4 Spellcasting
 + Level 1.6 Conjurations
 + Level 1.6 Hexes
 + Level 5.7 Charms
 + Level 1.6 Summonings
 + Level 1.6 Necromancy
 + Level 1.6 Translocations
 + Level 1.6 Transmutations
 + Level 1.6 Fire Magic
 + Level 1.6 Ice Magic
 + Level 1.6 Air Magic
 + Level 1.6 Earth Magic
 + Level 1.6 Poison Magic
 + Level 2.3 Invocations
 + Level 2.1 Evocations


You had 8 spell levels left.
You knew the following spells:

 Your Spells              Type           Power        Failure   Level  Hunger
a - Infusion              Chrm           ###.         43%         1    None
b - Regeneration          Chrm/Necr      ###.......   97%         3    ###....
c - Spectral Weapon       Hex/Chrm       ###.....     97%         3    ###....

Your spell library contained the following spells:

 Spells                   Type           Power        Failure   Level  Hunger
 Song of Slaying          Chrm           ###.....     56%         2    #......
 Shroud of Golubria       Chrm/Tloc      ###...       86%         2    #......
 Magic Dart               Conj           #...         94%         1    None
 Searing Ray              Conj           #.....       98%         2    #......
 Dazzling Spray           Conj/Hex       #.....       100%        3    ###....
 Force Lance              Conj/Tloc      #.......     100%        4    ####...
 Fulminant Prism          Conj/Hex       #.........   100%        4    ####...
 Iskenderun's Mystic Bla  Conj           #.......     100%        4    ####...


Dungeon Overview and Level Annotations

Branches:
Dungeon (4/15)
 Temple: D:4-7

Altars:
Kikubaaqudgha
Trog
Vehumet

Annotations:
D:4 3 runed translucent doors, Angani's ghost, amateur SpWr


Innate Abilities, Weirdness & Mutations

Your experience applies equally to all skills.
You have very sharp teeth.
Your uncanny sense of smell can sniff out nearby items.


Message History

Your shield prevents you from hitting the vampire mosquito.
The vampire mosquito is heavily damaged.
The vampire mosquito bites you.
* * * LOW HITPOINT WARNING * * *
The vampire mosquito draws strength from your injuries!
The vampire mosquito bites you.
* * * LOW HITPOINT WARNING * * *
The vampire mosquito draws strength from your injuries!
It was a potion of curing.
You feel better. The vampire mosquito bites you.
* * * LOW HITPOINT WARNING * * *
The vampire mosquito draws strength from your injuries!
The vampire mosquito barely misses you.
It was a potion of berserk rage.
A red film seems to cover your vision as you go berserk!
You feel yourself moving faster!
You feel mighty! The vampire mosquito bites you.
* * * LOW HITPOINT WARNING * * *
The vampire mosquito draws strength from your injuries!
The vampire mosquito bites you!
You die...

############## ####
#............# ...#
#............# .#.#
#............#
...####............#
.....##............#
#....##............#
#...............y..#
................@..#
#.#..##............#
...................#
.##.#.#............#
.##.#.#............#
....#..............#
...................#
.......#.##.########
.......+.##.#


You could see a vampire mosquito.

Vanquished Creatures
  A howler monkey (D:2)
  An orc priest (D:3)
  A gnoll shaman (D:3)
  Jessica (D:3)
  An iguana (D:4)
  An orc wizard (D:4)
  A worker ant (D:3)
  5 gnolls
  7 adders
  An ooze (D:2)
  A worm (D:3)
  5 dart slugs
  2 leopard geckos
  7 orcs
  4 giant cockroaches
  5 goblins
  8 hobgoblins
  2 jackals (D:2)
  4 kobolds
  5 bats
  3 frilled lizards
  6 rats
72 creatures vanquished.

Vanquished Creatures (others)
  A rat (D:2)
1 creature vanquished.

Grand Total: 73 creatures vanquished

Notes
Turn   | Place    | Note
-------+----------+-------------------------------------------
     0 | D:1      | pichaelthompson the Gnoll Skald began the quest for the
                  | Orb.
     0 | D:1      | Reached XP level 1. HP: 20/20 MP: 6/6
   273 | D:1      | Reached XP level 2. HP: 22/26 MP: 7/7
   918 | D:2      | Reached skill level 5 in Spellcasting
   918 | D:2      | Reached XP level 3. HP: 15/31 MP: 7/9
   933 | D:2      | Learned a level 3 spell: Regeneration
   937 | D:2      | Learned a level 3 spell: Spectral Weapon
  1280 | D:2      | Reached skill level 1 in Invocations
  1387 | D:2      | Reached skill level 1 in Short Blades
  1387 | D:2      | Reached skill level 1 in Long Blades
  1387 | D:2      | Reached skill level 1 in Axes
  1387 | D:2      | Reached skill level 1 in Maces & Flails
  1387 | D:2      | Reached skill level 1 in Staves
  1387 | D:2      | Reached skill level 1 in Slings
  1387 | D:2      | Reached skill level 1 in Bows
  1387 | D:2      | Reached skill level 1 in Crossbows
  1387 | D:2      | Reached skill level 1 in Throwing
  1387 | D:2      | Reached skill level 1 in Stealth
  1387 | D:2      | Reached skill level 1 in Shields
  1387 | D:2      | Reached skill level 1 in Unarmed Combat
  1387 | D:2      | Reached skill level 1 in Evocations
  1387 | D:2      | Reached XP level 4. HP: 30/38 MP: 11/11
  1405 | D:2      | Reached skill level 1 in Conjurations
  1405 | D:2      | Reached skill level 1 in Hexes
  1405 | D:2      | Reached skill level 1 in Summonings
  1405 | D:2      | Reached skill level 1 in Necromancy
  1405 | D:2      | Reached skill level 1 in Translocations
  1405 | D:2      | Reached skill level 1 in Transmutations
  1405 | D:2      | Reached skill level 1 in Fire Magic
  1405 | D:2      | Reached skill level 1 in Ice Magic
  1405 | D:2      | Reached skill level 1 in Air Magic
  1405 | D:2      | Reached skill level 1 in Earth Magic
  1405 | D:2      | Reached skill level 1 in Poison Magic
  1596 | D:2      | Reached XP level 5. HP: 42/43 MP: 12/12
  2169 | D:3      | Found a bloodstained altar of Trog.
  2170 | D:3      | Found an ancient bone altar of Kikubaaqudgha.
  2170 | D:3      | Found a radiant altar of Vehumet.
  3129 | D:3      | Reached XP level 6. HP: 44/50 MP: 13/13
  3156 | D:3      | Noticed Jessica
  3169 | D:3      | Killed Jessica
  3447 | D:4      | Found a runed translucent gate.
  3694 | D:3      | Reached skill level 5 in Fighting
  3694 | D:3      | Reached skill level 5 in Polearms
  3694 | D:3      | Reached skill level 5 in Dodging
  3795 | D:4      | Found a runed translucent gate.
  3795 | D:4      | Found a runed translucent gate.
  3808 | D:4      | Noticed Angani's ghost (amateur SpWr)
  4210 | D:4      | Noticed a vampire mosquito
  4251 | D:3      | HP: 1/51 [vampire mosquito (5)]
  4253 | D:3      | Slain by a vampire mosquito

Levels and vault maps discovered:
D:1:      erik_arrival_cave_to_civilisation [erik_arrival_cave_to_hall],
          layout_basic
D:2:      layout_rooms, grunt_decor_resistance
D:3:      layout_basic, gammafunk_temple_overflow_claw, uniq_jessica
D:4:      layout_basic, first_ration, ebering_ghost_rock_garden,
          minmay_manual_mess

Skill      XL: |  1  2  3  4  5  6 |
---------------+-------------------+-----
Spellcasting   | 5 |  5.4
Invocations    | 1 2 |  2.3
Short Blades   | 1 2 |  2.1
Long Blades    | 1 2 |  2.1
Axes           | 1 2 |  2.1
Maces & Flails | 1 2 |  2.1
Staves         | 1 2 |  2.1
Slings         | 1 2 |  2.1
Bows           | 1 2 |  2.1
Crossbows      | 1 2 |  2.1
Throwing       | 1 2 |  2.1
Stealth        | 1 2 |  2.1
Shields        | 1 2 |  2.1
Unarmed Combat | 1 2 |  2.1
Evocations     | 1 2 |  2.1
Conjurations   | 1 |  1.6
Hexes          | 1 |  1.6
Summonings     | 1 |  1.6
Necromancy     | 1 |  1.6
Translocations | 1 |  1.6
Transmutations | 1 |  1.6
Fire Magic     | 1 |  1.6
Ice Magic      | 1 |  1.6
Air Magic      | 1 |  1.6
Earth Magic    | 1 |  1.6
Poison Magic   | 1 |  1.6
Armour         | 3 |  3.3
Fighting       | 5 |  5.0
Polearms       | 5 |  5.0
Dodging        | 5 |  5.0
Charms         | |  5.7

Action                   |  1- 3 |  4- 6 || total
-------------------------+-------+-------++-------
Melee: Spear             |   146 |   402 ||   548
       Bite              |    19 |    31 ||    50
       Punch             |     1 |       ||     1
  Use: Scroll            |       |     5 ||     5
       Potion            |       |     2 ||     2
  Eat: Chunk             |     1 |    10 ||    11
Armor: Leather armour    |     3 |       ||     3
       Plate armour      |    87 |   220 ||   307
       Ring mail         |     2 |    35 ||    37
Dodge: Dodged            |    52 |    54 ||   106
Block: Large shield      |       |   291 ||   291

Table legend:
 A = Non-vault XP
 B = Vault XP
 C = Vault XP percentage of total XP
 D = Non-vault monster count
 E = Vault monster count
 F = Vault count percentage of total count
                 A         B        C        D         E       F
            +---------+---------+-------+---------+---------+-------
      Total |     529 |      37 |   6.5 |      71 |       1 |   1.4
            +---------+---------+-------+---------+---------+-------
        D:1 |      20 |       0 |   0.0 |      11 |       0 |   0.0
        D:2 |     149 |       0 |   0.0 |      26 |       0 |   0.0
        D:3 |     250 |      37 |  12.9 |      26 |       1 |   3.7
        D:4 |     110 |       0 |   0.0 |       8 |       0 |   0.0
            +---------+---------+-------+---------+---------+-------
